 Dungeon Crawl Stone Soup version 0.19.0-9-gfd783f2 (webtiles) character file.

1555 Inkary the Blocker (level 9, 0/73 HPs)
             Began as a Formicid Fighter on Nov 7, 2016.
             Slain by a hornet (10 damage)
             ... on level 6 of the Dungeon.
             The game lasted 00:08:17 (4491 turns).

Inkary the Blocker (Formicid Fighter)               Turns: 4491, Time: 00:08:18

Health: 0/73       AC:  7    Str: 29    XL:     9   Next: 12%
Magic:  27/27      EV:  9    Int: 11    God:
Gold:   254        SH: 12    Dex: 10    Spells: 0 memorised, 8 levels left

rFire  . . .     SeeInvis +     n - +8 long sword "Syrisigh" {flame, MP+9 Int+3 SInv}
rCold  + . .     Gourm    .     b - +0 scale mail
rNeg   . . .     Faith    .     c - +0 shield
rPois  .         Spirit   .     (helmet unavailable)
rElec  .         Reflect  .     x - +0 cloak
rCorr  .         Harm     .     (no gloves)
MR     .....                    (no boots)
Stlth  ..........               (no amulet)
                                k - ring of magical power
                                o - ring of protection from cold

@: mighty, lethally poisoned (0 -> -12)
A: permanent stasis, dig shafts and tunnels, four strong arms, antennae 3, claws
1, slimy green scales 1, deformed body
a: Dig, Shaft Self


You were on level 6 of the Dungeon.
You were not hungry.

You visited 1 branch of the dungeon, and saw 6 of its levels.

You collected 254 gold pieces.

Inventory:

Hand Weapons
 n - the +8 long sword "Syrisigh" (weapon) {flame, MP+9 Int+3 SInv}
   (You found it on level 5 of the Dungeon)

   It has been specially enchanted to burn those struck by it, causing extra
   injury to most foes and up to half again as much damage against particularly
   susceptible opponents.
   Big, fiery blades are also staple armaments of hydra-hunters.
   It affects your intelligence (+3).
   It affects your magic capacity (+9).
   It lets you see invisible.
 s - a +0 broad axe
Armour
 b - a +0 scale mail (worn)
 c - a +0 shield (worn)
 x - a +0 cloak (worn)
Jewellery
 k - a ring of magical power (right claw)
 o - a ring of protection from cold (left claw)
 q - an uncursed ring of wizardry {unknown}
Wands
 l - a wand of flame (29/48)
Scrolls
 a - a scroll of fear
 e - a scroll of magic mapping
 i - 4 scrolls of identify
 j - 2 scrolls of enchant armour {unknown}
 m - 2 scrolls of recharging
 t - a scroll of fog
 v - a scroll of amnesia
Potions
 d - a potion of might
 u - a potion of heal wounds
Comestibles
 f - 3 bread rations
 g - a beef jerky
 h - 15 fruits
 r - 2 meat rations
 w - 4 chunks of flesh


   Skills:
 - Level 7.6 Fighting
 * Level 1.2 Long Blades
 - Level 6.3 Axes
 - Level 3.2 Armour
 + Level 8.2 Shields


You had 8 spell levels left.
You didn't know any spells.

Dungeon Overview and Level Annotations

Branches:
Dungeon (6/15)             Temple (0/1) D:6

Altars:
Cheibriados
Zin

Shops:
D:6 %

Annotations:
D:4 ReniFell's ghost, novice VSFi


Innate Abilities, Weirdness & Mutations

You are under a permanent stasis effect.
You can dig through walls and to a lower floor.
Your four strong arms can wield two-handed weapons with a shield.
You have a pair of large antennae on your head. (SInv)
You have sharp fingernails.
You are partially covered in slimy green scales. (AC +2)
Armour fits poorly on your strangely shaped body.


Message History

You hit the hornet. You burn the hornet.
The hornet is heavily wounded.
The hornet stings you!
You are poisoned.
Your stasis keeps you stable.
The hornet stings you.
* * * LOW HITPOINT WARNING * * *
You are more poisoned.
Your stasis keeps you stable.
You miss the hornet.
The hornet is heavily wounded.
* * * LOW HITPOINT WARNING * * *
You feel very sick.
The hornet stings you but does no damage. x2
Unknown command.
You slash the hornet! You burn the hornet.
The hornet is almost dead.
You feel sick. The hornet stings you.
* * * LOW HITPOINT WARNING * * *
Your stasis keeps you stable.
The hornet stings you!
You die...

#...##....#
.#......##.#
#.....######.# .......#
##.# # ........# ##..#
.##. ####....####..##
..... ##....##...##
......#### #..(####.###
.........###@## ##..#
.......#..##y####..##
.......##5.5Z##...##
.....$.#)..#....######
......∩#..............#
...........#.#.#....###
......##.........####
##.../........##..#
##.).##...## #.<.


You could see a hornet, a crimson imp and a centaur zombie.

Vanquished Creatures
  Pikel (D:4)
  A sky beast (D:5)
  4 ogres
  2 centaurs (D:5)
  2 scorpions (D:5)
  An orc priest (D:6)
  Crazy Yiuf (D:4)
  A jelly (D:6)
  2 orc wizards (D:4)
  Jessica (D:3)
  An iguana (D:3)
  13 adders
  A shadow imp (D:5)
  2 oozes (D:1)
  5 worms
  6 dart slugs
  4 leopard geckos
  17 orcs
  6 giant cockroaches
  4 goblins
  9 hobgoblins
  8 jackals
  A quokka (D:2)
  A ball python (D:3)
  7 bats
  8 frilled lizards
  4 kobolds
  A leopard gecko skeleton (D:5)
  A quokka skeleton (D:4)
  8 rats
123 creatures vanquished.

Notes
Turn   | Place    | Note
-------+----------+-------------------------------------------
     0 | D:1      | Inkary the Formicid Fighter began the quest for the Orb.
     0 | D:1      | Reached XP level 1. HP: 18/18 MP: 1/1
    13 | D:1      | Reached XP level 2. HP: 22/24 MP: 2/2
   321 | D:1      | Reached XP level 3. HP: 30/30 MP: 3/3
   500 | D:1      | Reached skill level 4 in Shields
   940 | D:2      | Reached XP level 4. HP: 37/37 MP: 4/4
  1023 | D:2      | Found a snail-covered altar of Cheibriados.
  1116 | D:2      | Reached XP level 5. HP: 17/43 MP: 5/5
  1285 | D:2      | You fall through a shaft!
  1466 | D:3      | Reached skill level 5 in Shields
  1820 | D:3      | Noticed Jessica
  1831 | D:3      | Killed Jessica
  1831 | D:3      | Reached skill level 5 in Fighting
  1831 | D:3      | Reached XP level 6. HP: 28/51 MP: 6/6
  2530 | D:4      | Noticed an angel
  2531 | D:4      | Found a glowing silver altar of Zin.
  2641 | D:4      | Noticed an ogre
  2650 | D:4      | Killed an ogre
  2650 | D:4      | Reached XP level 7. HP: 38/56 MP: 7/7
  2692 | D:4      | Noticed ReniFell's ghost (novice VSFi)
  3169 | D:4      | Found a runed door.
  3296 | D:4      | Noticed Crazy Yiuf
  3301 | D:4      | Killed Crazy Yiuf
  3331 | D:4      | Reached skill level 6 in Shields
  3363 | D:5      | Entered Level 5 of the Dungeon
  3389 | D:5      | Noticed Pikel
  3427 | D:4      | Killed Pikel
  3427 | D:4      | Reached skill level 5 in Axes
  3427 | D:4      | Reached skill level 7 in Shields
  3427 | D:4      | Reached XP level 8. HP: 43/65 MP: 8/8
  4082 | D:5      | Reached XP level 9. HP: 70/72 MP: 9/9
  4102 | D:5      | Reached skill level 8 in Shields
  4121 | D:5      | Gained mutation: You have sharp fingernails. [mutagenic meat]
  4122 | D:5      | Gained mutation: Armour fits poorly on your strangely shaped body. [mutagenic meat]
  4124 | D:5      | Gained mutation: You are partially covered in slimy green scales. (AC +2) [mutagenic meat]
  4125 | D:5      | Got an ivory long sword
  4126 | D:5      | Identified the +8 long sword "Syrisigh" {flame, MP+9 Int+3 SInv} (You found it on level 5 of the Dungeon)
  4422 | D:6      | Reached skill level 1 in Long Blades
  4437 | D:6      | Found a staircase to the Ecumenical Temple.
  4478 | D:6      | Found Erhag's Food Shop.
  4478 | D:6      | Noticed a hornet
  4491 | D:6      | Slain by a hornet

Skill      XL: |  1  2  3  4  5  6  7  8  9 |
---------------+----------------------------+-----
Fighting       | 4 5 6 7 |  7.6
Shields        | 4 5 7 8 |  8.2
Axes           | 3 4 5 6 |  6.3
Long Blades    | 1 |  1.2
Armour         | |  3.2

Action                   |  1- 3 |  4- 6 |  7- 9 || total
-------------------------+-------+-------+-------++-------
Melee: War axe           |    79 |   159 |       ||   238
       Broad axe         |       |    59 |   130 ||   189
       Long sword        |       |       |    20 ||    20
 Abil: Dig               |       |       |     1 ||     1
  Use: Potion            |       |     2 |     2 ||     4
       Scroll            |       |       |     8 ||     8
  Eat: Chunk             |       |     6 |    10 ||    16
Armor: Scale mail        |    26 |    92 |    41 ||   159
Dodge: Dodged            |    25 |    96 |    44 ||   165
Block: Shield            |    44 |   129 |   106 ||   279
